 Dungeon Crawl Stone Soup version 0.26.0-7-g794d0892b4 (webtiles) character file.

Game seed: 11041441622079697564

12475 Gauvater the Cleaver (level 12, -5/96 HPs)
             Began as a Formicid Fighter on Jan 11, 2021.
             Was a High Priest of Zin.
             Slain by an eight-headed hydra (7 damage)
             ... on level 11 of the Dungeon.
             The game lasted 01:16:45 (13255 turns).

Gauvater the Cleaver (Formicid Fighter)            Turns: 13255, Time: 01:16:55

Health: -5/96      AC: 16    Str: 26    XL:     12   Next: 20%
Magic:  15/15      EV:  9    Int: 10    God:    Zin [*****.]
Gold:   1235       SH: 16    Dex: 10    Spells: 11/11 levels left

rFire    . . .     SeeInvis +   l - +0 morningstar
rCold    . . .     Faith    .   c - +4 kite shield
rNeg     . . .     Spirit   .   E - +1 chain mail of Immorality {Regen+ Int+2}
rPois    +         Reflect  .   (helmet unavailable)
rElec    .         Harm     .   A - +0 cloak
rCorr    .         Rampage  .   x - +0 pair of gloves
Will     +....                  H - +0 pair of boots
Stlth    ++........             n - amulet of magic regeneration
HPRegen  0.66/turn              F - ring of stealth
MPRegen  0.39/turn              f - ring of poison resistance

@: mighty
A: permanent stasis, dig shafts and tunnels, four strong arms, antennae 3
a: Dig, Shaft Self, Renounce Religion, Recite, Vitalisation, Imprison,
Sanctuary, Donate Gold


You were on level 11 of the Dungeon.
You worshipped Zin.
Zin was extremely pleased with you.
You visited 3 branches of the dungeon, and saw 14 of its levels.
You also visited: Sewer.

You collected 1647 gold pieces.
You spent 275 gold pieces at shops.
You donated 137 gold pieces to Zin.

Inventory:

Hand Weapons
 a - a +1 hand axe of freezing
 l - a +0 morningstar (weapon)
 s - the +11 arbalest "Yva Hum" {vorpal, Str+7}
   (You bought it in a shop on level 8 of the Dungeon)

   Any bolt fired from it inflicts extra damage.
   It affects your strength (+7).
 z - a +2 vorpal scimitar
Missiles
 i - 360 stones
 j - 151 sling bullets
 o - 44 poisoned darts
 u - 243 arrows
 w - 21 boomerangs (quivered)
 J - 2 silver boomerangs
 P - 107 bolts
Armour
 c - a +4 kite shield (worn)
 x - a +0 pair of gloves (worn)
 A - a +0 cloak (worn)
 E - the +1 chain mail of Immorality (worn) {Regen+ Int+2}
   (You found it on level 4 of the Dungeon)

   It affects your intelligence (+2).
   It increases your rate of regeneration.
 H - a +0 pair of boots (worn)
Jewellery
 b - an uncursed ring of protection from cold
 f - a ring of poison resistance (right hand)
 k - an uncursed ring of willpower
 n - an amulet of magic regeneration (around neck)
 F - a ring of stealth (left hand)
Wands
 y - a wand of enslavement (8)
 C - a wand of acid (6)
 G - a wand of iceblast (18)
Scrolls
 g - 4 scrolls of remove curse
 r - 5 scrolls of amnesia
 t - 4 scrolls of fog
 I - a scroll of immolation {unknown}
 N - a scroll of enchant weapon {unknown}
 R - a scroll of random uselessness {unknown}
Potions
 d - 3 potions of might
 e - 2 potions of cancellation
 h - 6 potions of heal wounds
 m - a potion of attraction {unknown}
 q - 8 potions of curing
 v - a potion of ambrosia
 B - a potion of flight {unknown}


   Skills:
 * Level 9.5 Fighting
 + Level 9.8 Axes
 + Level 4.3 Crossbows
 + Level 1.3 Throwing
 + Level 8.8 Armour
 + Level 2.5 Dodging
 * Level 8.3 Stealth
 + Level 9.0 Shields
 * Level 5.2 Invocations


You had 11 spell levels left.
You didn't know any spells.
Your spell library contained the following spells:

 Spells                   Type           Power        Failure   Level
 Confusing Touch          Hex            0%           99%         3
 Gell's Gravitas          Tloc           0%           99%         3
 Petrify                  Tmut/Erth      0%           100%        4
 Metabolic Englaciation   Hex/Ice        0%           100%        5
 Yara's Violent Unravell  Hex/Tmut       0%           100%        5


Dungeon Overview and Level Annotations

Branches:
Dungeon (11/15)            Temple (1/1) D:5             Orc (2/2) D:10
    Elf (0/3) Orc:2         Sewer (visited)
   Lair: D:8-11

Altars:
Ashenzari
Cheibriados
Dithmenos
Elyvilon
Fedhas
Gozag
Hepliaklqana
Kikubaaqudgha
Makhleb
Nemelex Xobeh
Okawaru
Qazlal
Ru
Sif Muna
Trog
Uskayaw
Vehumet
Wu Jian
Xom
Yredelemnul
Zin
The Shining One

Shops:
D:8 (   D:10 *   Orc:1 :


Innate Abilities, Weirdness & Mutations

You cannot be hasted, slowed, berserked, paralysed or teleported.
You can dig through walls and to a lower floor.
Your four strong arms can wield two-handed weapons with a shield.
You have a pair of large antennae on your head. (SInv)


Message History

The eight-headed hydra is severely wounded.
The eight-headed hydra bites you.
* * * LOW HITPOINT WARNING * * *
The eight-headed hydra bites you but does no damage. x3
You block the eight-headed hydra's attack. x3
The eight-headed hydra bites you.
* * * LOW HITPOINT WARNING * * *
You barely miss the eight-headed hydra.
The eight-headed hydra is severely wounded.
The eight-headed hydra bites you!
* * * LOW HITPOINT WARNING * * *
The eight-headed hydra bites you!
* * * LOW HITPOINT WARNING * * *
The eight-headed hydra bites you but does no damage.
The eight-headed hydra barely misses you.
The eight-headed hydra bites you.
* * * LOW HITPOINT WARNING * * *
You block the eight-headed hydra's attack. x2
The eight-headed hydra bites you!
You die...

P≈P≈≈≈≈≈.# #.########.#
.P≈≈♣≈h≈.# #.#...# #.#
≈P♣≈♣≈≈.≈# #.#.#.####[#
≈≈♣♣♣≈≈≈≈## #.#........#
≈≈≈♣≈♣♣≈..# #.#.#########
≈≈≈≈(≈≈♣≈≈######
#...........#
♣≈≈≈≈≈≈♣≈≈..... ###....####
≈;{≈≈#≈≈≈≈≈##########.###.#
≈≈W. #..≈≈..((†.@D†.....#.#
≈P. ##.≈♣≈!.##########.#.#
# ≈.{ #.P≈≈≈;# #.#.##.# ≈
#.)≈≈P≈# #..(...#
#.P.≈≈.############(####
....≈P.P.............#
.##.###...############# #.
##### .


You could see an eight-headed hydra.

Vanquished Creatures
  A death yak (D:10)
  2 orc high priests (Orc:1)
  An orc sorcerer (Orc:2)
  A cyclops (Orc:2)
  An elephant (D:11)
  Maggie (D:9)
  3 trolls
  A hornet (D:10)
  2 wraiths (D:11)
  A basilisk (D:11)
  A water elemental (D:11)
  9 yaks
  A steam dragon (D:11)
  4 wargs
  A soldier ant (D:11)
  2 water moccasins
  6 black bears
  An ice beast (D:8)
  10 orc warriors
  2 phantoms
  3 sky beasts
  5 ogres
  6 centaurs
  7 bullfrogs
  3 big kobolds
  2 wyvern zombies
  A water moccasin skeleton (D:6)
  4 scorpions
  5 wights (D:6)
  2 howler monkeys
  A bullfrog zombie (D:7)
  A bullfrog skeleton (D:10)
  3 hounds
  A jelly (D:10)
  14 orc priests
  An iguana (D:7)
  13 orc wizards
  3 worker ants
  2 hound zombies
  A hound skeleton (D:8)
  A howler monkey zombie (D:8)
  A worker ant zombie (D:5)
  11 adders
  9 river rats
  A shadow imp (D:5)
  3 white imps
  An ufetubus (D:10)
  2 oozes
  An adder skeleton (D:4)
  2 worms
  3 dart slugs
  3 leopard geckos
  37 orcs
  3 giant cockroaches
  8 goblins
  6 hobgoblins
  10 jackals
  32 kobolds
  5 quokkas
  7 ball pythons
  8 bats
  5 frilled lizards
  A jackal skeleton (D:8)
  A leopard gecko skeleton (D:4)
  29 rats
319 creatures vanquished.

Vanquished Creatures (others)
  64 plants
64 creatures vanquished.

Grand Total: 383 creatures vanquished

Notes
Turn   | Place    | Note
-------+----------+-------------------------------------------
     0 | D:1      | Gauvater the Formicid Fighter began the quest for the Orb.
     0 | D:1      | Reached XP level 1. HP: 18/18 MP: 1/1
   330 | D:1      | Reached XP level 2. HP: 24/24 MP: 2/2
  1028 | D:1      | Reached XP level 3. HP: 30/30 MP: 3/3
  1711 | D:2      | Reached XP level 4. HP: 32/37 MP: 4/4
  2200 | D:2      | Reached XP level 5. HP: 38/42 MP: 5/5
  2511 | D:3      | Found a sacrificial altar of Ru.
  3090 | D:4      | Found an iron altar of Okawaru.
  3133 | D:4      | Noticed an ogre
  3310 | D:4      | Reached XP level 6. HP: 49/49 MP: 6/6
  3336 | D:4      | Killed an ogre
  3337 | D:4      | Reached skill level 1 in Dodging
  3460 | D:4      | Found a glowing drain.
  3477 | Sewer    | Entered a sewer
  3574 | Sewer    | Reached XP level 7. HP: 38/55 MP: 7/7
  3711 | Sewer    | Reached skill level 5 in Shields
  4120 | Sewer    | Reached skill level 5 in Fighting
  4269 | Sewer    | Reached skill level 5 in Axes
  4626 | D:4      | Got a bronze chain mail
  4637 | D:4      | Identified the cursed +1 chain mail of Immorality {Regen+
                  | Int+2} (You found it on level 4 of the Dungeon)
  4846 | D:5      | Entered Level 5 of the Dungeon
  5084 | D:5      | Found a staircase to the Ecumenical Temple.
  5790 | D:6      | Reached XP level 8. HP: 42/62 MP: 8/8
  5889 | D:6      | Reached skill level 5 in Armour
  6578 | D:6      | Reached XP level 9. HP: 70/71 MP: 9/9
  6853 | D:7      | Reached skill level 1 in Stealth
  7381 | D:8      | Found Iteast's Antique Weapon Boutique.
  7790 | D:8      | Reached XP level 10. HP: 52/79 MP: 10/10
  7817 | D:8      | Reached skill level 1 in Throwing
  8093 | D:8      | Bought a pitted arbalest for 275 gold pieces
  8093 | D:8      | Identified the +11 arbalest "Yva Hum" {vorpal, Str+7} (You
                  | bought it in a shop on level 8 of the Dungeon)
  8139 | D:9      | Noticed Maggie
  8142 | D:9      | Killed Maggie
  8169 | D:9      | Reached skill level 5 in Stealth
  8175 | D:9      | Found a bloodstained altar of Trog.
  8235 | D:9      | Reached skill level 1 in Crossbows
  8497 | D:10     | Entered Level 10 of the Dungeon
  8632 | Temple   | Entered the Ecumenical Temple
  8885 | Temple   | Became a worshipper of Zin the Law-Giver
  8885 | Temple   | Reached * piety under Zin
  9033 | D:10     | Found a staircase to the Orcish Mines.
  9385 | D:10     | Found Xaighy's General Store.
  9398 | D:10     | Reached skill level 1 in Invocations
 10089 | D:11     | Noticed a six-headed hydra
 10170 | D:11     | Reached XP level 11. HP: 60/87 MP: 12/12
 10312 | D:11     | Noticed an elephant
 10314 | D:11     | Noticed a death yak
 10318 | D:11     | Killed an elephant
 10349 | D:10     | Killed a death yak
 10705 | Orc:1    | Entered Level 1 of the Orcish Mines
 10712 | Orc:1    | Reached ** piety under Zin
 10795 | Orc:1    | Noticed an orc high priest
 10799 | Orc:1    | Killed an orc high priest
 10804 | Orc:1    | Noticed an orc high priest
 10807 | Orc:1    | Killed an orc high priest
 11393 | Orc:1    | Reached *** piety under Zin
 11442 | Orc:1    | Found Vare's Book Emporium.
 11628 | Orc:1    | Reached **** piety under Zin
 11740 | Orc:2    | Entered Level 2 of the Orcish Mines
 11799 | Orc:2    | Found a staircase to the Elven Halls.
 11948 | Orc:2    | Reached ***** piety under Zin
 12138 | Orc:2    | Noticed a cyclops
 12142 | Orc:2    | Killed a cyclops
 12143 | Orc:2    | Reached XP level 12. HP: 95/95 MP: 15/15
 12337 | Orc:2    | Noticed a two-headed ogre
 12337 | Orc:2    | Noticed a two-headed ogre
 12337 | Orc:2    | Noticed a two-headed ogre
 12338 | Orc:2    | Noticed a two-headed ogre
 12339 | Orc:2    | Noticed an ogre mage
 12339 | Orc:2    | Noticed a two-headed ogre
 12347 | Orc:2    | Noticed a two-headed ogre
 12347 | Orc:2    | Noticed a two-headed ogre
 13103 | D:11     | Reached skill level 5 in Invocations
 13200 | D:11     | Noticed an eight-headed hydra
 13255 | D:11     | HP: 3/96 [eight-headed hydra (10)]
 13255 | D:11     | Slain by an eight-headed hydra

Illustrated notes

Levels and vault maps discovered:
D:1:      dpeg_arrival_rooms_b, layout_basic, serial_rivers,
          chequers_serial_rivers_micro_c, chequers_serial_rivers_room_b,
          chequers_serial_rivers_marsh, chequers_serial_rivers_large_b,
          chequers_serial_rivers_small_3, lexackson_kobold_supper
D:2:      kennysheep_six_static_rooms, layout_basic
D:3:      layout_rooms, nicolae_ru_path_of_blood, serial_curves, eino_curves_03,
          eino_curves_04, st_stairs_9
D:4:      layout_rooms, portal_sewer_entry_c, okawaru_metal_pillars_3
D:5:      layout_layer_cave, minmay_temple_entry_glassed_door
D:6:      layout_basic, hangedman_abyss_or_decor_passed
D:7:      layout_basic
D:8:      layout_basic, serial_shops, nicolae_shop_statue_plus,
          grunt_ministairs_3
D:9:      layout_roguey, trog_ov_bears_minmay, uniq_maggie
D:10:     layout_roguey, orc_0_dummy, serial_shops, shop, serial_rivers,
          chequers_serial_rivers_large_a, chequers_serial_rivers_small_3,
          chequers_serial_rivers_small_b, chequers_serial_rivers_small_a,
          chequers_serial_rivers_marsh, minmay_misc_feat_rows
D:11:     layout_basic, david_lair_generic, gauntlet_entry_generic,
          serial_bayou, serial_bayou_crossing, serial_bayou_pond_c,
          serial_bayou_lagoon_a, serial_bayou_pond_c
Temple:   dpeg_three_leaves_temple
Orc:1:    layout_diamond_mine, serial_shops, shop, guppyfry_orc_lava_fort
Orc:2:    st_orc_ogre_mass, layout_caves, guppyfry_library_mini

Skill      XL: |  1  2  3  4  5  6  7  8  9 10 11 12 |
---------------+-------------------------------------+-----
Fighting       | 4 5 6 7 8 9 |  9.5
Axes           | 3 4 5 6 8 9 |  9.8
Shields        | 4 5 6 7 8 9 |  9.0
Armour         | 4 5 6 7 8 |  8.8
Dodging        | 1 2 |  2.5
Stealth        | 4 6 7 8 |  8.3
Throwing       | 1 |  1.3
Crossbows      | 2 4 |  4.3
Invocations    | 2 4 5 |  5.2

Action                   |  1- 3 |  4- 6 |  7- 9 | 10-12 || total
-------------------------+-------+-------+-------+-------++-------
Melee: War axe           |    97 |   164 |   105 |       ||   366
       Hand axe          |       |       |   334 |   357 ||   691
       Arbalest          |       |       |       |     1 ||     1
       Morningstar       |       |       |       |     6 ||     6
 Fire: Arbalest          |       |       |       |   129 ||   129
Throw: Dart              |       |     3 |       |       ||     3
       Boomerang         |       |       |    15 |       ||    15
Invok: Recite            |       |       |       |     7 ||     7
       Vitalisation      |       |       |       |     2 ||     2
 Abil: Dig               |       |     1 |       |     8 ||     9
  Use: Scroll            |       |     3 |     5 |    11 ||    19
       Potion            |       |       |       |     7 ||     7
Armor: Scale mail        |    56 |    82 |    37 |       ||   175
       Chain mail        |       |       |   146 |   135 ||   281
Dodge: Dodged            |    36 |    88 |   137 |    94 ||   355
Block: Kite shield       |    70 |   129 |   245 |   268 ||   712
